 Dungeon Crawl Stone Soup version 0.17.1-3-g152610e (webtiles) character file.

101 juanjsm the Sneak (level 4, -1/21 HPs)
             Began as a Spriggan Enchanter on Mar 17, 2016.
             Asphyxiated
             ... in a sewer.
             The game lasted 00:14:50 (2022 turns).

juanjsm the Sneak (Spriggan Enchanter)              Turns: 2022, Time: 00:14:50

Health: -1/21      AC:  3    Str:  4    XL:     4   Next: 48%
Magic:  0/9        EV: 19    Int: 17    God:
Gold:   71         SH:  0    Dex: 16    Spells: 3 memorised, 3 levels left

rFire  . . .     SeeInvis +     a - +1 dagger
rCold  . . .     Clarity  .     b - +1 robe
rNeg   . . .     SustAt   .     (shield restricted)
rPois  .         Gourm    .     (helmet restricted)
rElec  .         Spirit   .     (no cloak)
rCorr  .         Warding  .     (gloves unavailable)
rMut   .         Stasis   .     (boots unavailable)
MR     .....                    (no amulet)
Stlth  ++........               (no ring)
                                (no ring)

@: lethally poisoned (-1 -> -10), slowed, quick, not resistant to hostile
enchantments, unstealthy
A: unfitting armour, see invisible, herbivore 3, speed 3, slow metabolism 2
a: no special abilities


You were in a sewer.
You were not hungry.

You visited 1 branch of the dungeon, and saw 3 of its levels.
You also visited: Sewer.

You collected 71 gold pieces.

Inventory:

Hand Weapons
 a - a +1 dagger (weapon)
Armour
 b - a +1 robe (worn)
Scrolls
 g - a scroll of identify {unknown}
 i - a scroll of remove curse {unknown}
 j - 2 scrolls of enchant armour {unknown}
 k - 2 scrolls of teleportation {unknown}
 l - a scroll of fog {unknown}
 m - a scroll of amnesia {unknown}
 n - a scroll of blinking {unknown}
Potions
 e - a potion of haste {unknown}
 f - a potion of curing {unknown}
Books
 c - a book of Maledictions

   Spells                             Type                      Level
   a - Corona                         Hexes                        1
   b - Ensorcelled Hibernation        Hexes/Ice                    2
   c - Confuse                        Hexes                        3
   d - Tukima's Dance                 Hexes                        3
   e - Dazzling Spray                 Conjuration/Hexes            3
Comestibles
 d - 2 bread rations


   Skills:
 * Level 0.5 Fighting
 * Level 1.4 Short Blades
 * Level 4.1 Dodging
 * Level 6.0 Stealth
 * Level 3.1 Spellcasting
 * Level 4.3 Hexes
 + Level 0.1 Ice Magic


You had 3 spell levels left.
You knew the following spells:

 Your Spells              Type           Power        Failure   Level  Hunger
a - Corona                Hex            ###....      2%          1    None
b - Ensorcelled Hibernat  Hex/Ice        ##....       12%         2    ##.....
c - Confuse               Hex            ###.....     10%         3    ###....


Dungeon Overview and Level Annotations

Branches:
Dungeon (3/15)

Altars:

Annotations:
D:3 Natasha


Innate Abilities, Weirdness & Mutations

You are tiny and cannot use many weapons and most armour.
You have supernaturally acute eyesight.
You are a herbivore.
You cover ground extremely quickly.
You need consume almost no food.


Message History

You feel yourself slow down.
You hear a splash.
You feel sick.
The kobold shoots a curare-tipped needle.
The curare-tipped needle closely misses you.
You hear a splash.
Casting: Ensorcelled Hibernation
Confirm with . or Enter, or press ? or * to list all spells.
Aiming: Ensorcelled Hibernation
Press: ? - help, Shift-Dir - straight line, f/p - kobold
Aim: a kobold, wielding a blowgun (chance to defeat MR: 79%)
The kobold looks drowsy...
You feel sick.
* * * LOW HITPOINT WARNING * * *
You feel sick.
You see here a curare-tipped needle.
The kobold shoots a curare-tipped needle.
The curare-tipped needle hits you.
You are more poisoned.
You have difficulty breathing.
You die...

#≈# #≈# #≈# #≈# #≈# #†#
#≈# #≈# #@# #(#
#########K##
#.≈..K≈≈K≈(#######
#≈≈≈≈)≈≈K≈≈......######
#≈K≈≈≈≈≈≈≈≈≈≈≈≈≈≈≈≈≈≈≈≈
..≈≈≈≈≈≈≈≈≈≈≈≈≈≈≈≈≈≈≈≈≈≈
.#.≈≈≈≈≈≈hK≈≈≈≈≈≈≈≈≈≈≈≈#
#.≈≈≈≈≈≈≈≈≈......######


You could see a big kobold, a jackal and 3 kobolds.

Vanquished Creatures
  2 adders (D:2)
  A river rat (Sewer)
  2 oozes (D:1)
  3 worms (D:2)
  A giant gecko (D:2)
  8 bats
  3 goblins
  8 hobgoblins
  9 jackals
  4 kobolds
  2 giant cockroaches
  5 giant newts
  9 rats
57 creatures vanquished.

Notes
Turn   | Place    | Note
--------------------------------------------------------------
     0 | D:1      | juanjsm the Spriggan Enchanter began the quest for the Orb.
     0 | D:1      | Reached XP level 1. HP: 9/9 MP: 5/5
   487 | D:1      | Reached XP level 2. HP: 13/13 MP: 6/6
   546 | D:1      | Learned a level 2 spell: Ensorcelled Hibernation
   607 | D:1      | Reached skill level 5 in Stealth
   879 | D:1      | Reached XP level 3. HP: 16/16 MP: 5/8
   886 | D:1      | Learned a level 3 spell: Confuse
  1439 | D:2      | Reached XP level 4. HP: 9/21 MP: 2/9
  1758 | D:3      | Noticed Natasha
  1904 | D:3      | Found a glowing drain.
  1911 | Sewer    | Entered a sewer
  1979 | Sewer    | Reached skill level 6 in Stealth
  1988 | Sewer    | Noticed a big kobold
  2022 | Sewer    | Asphyxiated

Action                   |  1- 3 |  4- 6 || total
-------------------------+-------+-------++-------
Melee: Dagger            |   100 |    36 ||   136
 Cast: Corona            |    13 |     2 ||    15
       Ensorcelled Hiber |    15 |    16 ||    31
       Confuse           |     1 |       ||     1
 Stab: Sleeping          |    25 |    13 ||    38
       Confused          |     1 |       ||     1
  Eat: Pizza             |       |     1 ||     1
